Map: Forteresse de fer EC

Players

AgCl - Winner!

  • Race: Protoss Protoss

FreeFall

  • Race: Protoss Protoss

VOD

Have the link to the VOD?

Description

Time

  • Played on: May 15, 2015, 8:13 p.m.
  • Length: 13:35
Show
View Real Time Build Order
Export as new Build Order

AgCl Protoss - Winner!

Build Orders: Oracle Opening, Oracle Opening 

Get SALT Encoding   

  12  0:02  Probe  
  13  0:18  Pylon  
  13  0:36  Probe  
  14  0:46  Gateway  
  14  0:47  Assimilator  
  14  0:48  Probe  
  15  1:00  Probe (Chrono Boost)  
  16  1:12  Probe (Chrono Boost)  
  16  1:15  Pylon  
  17  1:21  Probe (Chrono Boost)  
  18  1:29  Probe (Chrono Boost)  
  19  1:35  Assimilator  
  19  1:38  Cybernetics Core  
  19  1:41  Probe (Chrono Boost)  
  19  1:45  Zealot (Chrono Boost)  
  22  1:51  Probe (Chrono Boost)  
  23  1:58  Probe  
  24  2:10  Probe (Chrono Boost)  
  25  2:20  Probe (Chrono Boost)  
  26  2:26  Warp Gate  
  26  2:30  Nexus  
  26  2:33  Stargate  
  26  2:34  Probe  
  27  2:46  Probe  
  28  2:58  Probe  
  29  3:13  Gateway  
  29  3:19  Oracle (Chrono Boost)  
  29  3:24  Pylon  
  30  3:30  Pylon  
  30  3:42  Mothership Core (Chrono Boost)  
  30  3:44  Stalker (Chrono Boost)  
  34  3:54  Gateway, Probe (Chrono Boost)  
  35  3:56  Probe (Chrono Boost)  
  35  3:57  Void Ray  
  40  4:05  Robotics Facility  
  40  4:07  Probe  
  41  4:21  Probe (Chrono Boost)  
  41  4:24  Probe (Chrono Boost)  
  43  4:30  Probe (Chrono Boost)  
  45  4:31  Forge  
  45  4:33  Probe (Chrono Boost)  
  45  4:36  Pylon  
  45  4:37  Pylon  
  45  4:38  Probe  
  46  4:52  Probe (Chrono Boost)  
  47  4:54  Probe (Chrono Boost)  
  47  4:56  Assimilator  
  47  4:58  Assimilator  
  48  5:03  Observer (Chrono Boost)  
  48  5:05  Probe (Chrono Boost)  
  48  5:06  Probe (Chrono Boost)  
  52  5:16  Probe (Chrono Boost), Protoss Ground Weapons Level 1 (Chrono Boost)  
  52  5:18  Probe (Chrono Boost), Observer (Chrono Boost)  
  54  5:23  Probe (Chrono Boost)  
  54  5:25  Probe  
  56  5:29  Twilight Council  
  56  5:31  Pylon  
  56  5:33  Photon Cannon  
  56  5:34  Probe  
  57  5:37  Probe  
  58  5:44  Gateway  
  58  5:46  Probe (Chrono Boost)  
  58  5:47  Photon Cannon  
  58  5:49  Pylon  
  60  5:57  Probe (Chrono Boost)  
  60  5:58  Probe (Chrono Boost)  
  61  6:09  Dark Shrine  
  61  6:12  Nexus  
  61  6:16  Charge  
  61  6:17  Void Ray (Chrono Boost)  
  65  6:18  Probe  
  65  6:19  Probe  
  67  6:30  Probe  
  67  6:32  Probe  
  69  6:40  Fleet Beacon  
  69  6:42  Stargate  
  69  6:43  Pylon  
  69  6:44  Probe, Protoss Air Weapons Level 1 (Chrono Boost)  
  70  6:48  Probe  
  71  6:56  Probe  
  71  6:57  Pylon  
  71  6:58  Assimilator  
  72  7:02  Pylon  
  72  7:04  Protoss Ground Weapons Level 2, Carrier (Chrono Boost)  
  72  7:06  Assimilator  
  72  7:07  Probe  
  73  7:16  Probe  
  80  7:31  Probe x3  
  80  7:34  Carrier (Chrono Boost)  
  83  7:43  Probe  
  90  7:52  Graviton Catapult  
  90  7:55  Forge  
  90  7:58  Pylon  
  90  8:03  Probe x2  
  91  8:16  Dark Templar  
  91  8:17  Dark Templar x2  
  91  8:19  Carrier (Chrono Boost)  
  94  8:22  Pylon  
  94  8:27  Photon Cannon  
  94  8:30  Dark Templar, Pylon  
  94  8:33  Pylon  
  102  8:51  Phoenix (Chrono Boost)  
  102  8:54  Carrier (Chrono Boost)  
  104  8:59  Pylon  
  101  9:06  Dark Templar, Pylon  
  103  9:16  Probe (Chrono Boost)  
  112  9:17  Probe x2 (Chrono Boost)  
  110  9:27  Zealot  
  110  9:28  Zealot x2  
  109  9:47  Pylon  
  109  9:48  Carrier (Chrono Boost)  
  109  9:50  Gateway  
  109  9:53  Gateway  
  109  10:00  Gateway, Pylon  
  109  10:01  Oracle (Chrono Boost)  
  109  10:04  Protoss Air Weapons Level 2 (Chrono Boost)  
  109  10:06  Stargate  
  111  10:09  Gateway x2  
  117  10:15  Protoss Ground Weapons Level 3 (Chrono Boost)  
  117  10:17  Carrier (Chrono Boost)  
  117  10:24  Pylon  
  117  10:28  Gateway  
  117  10:41  Protoss Shields Level 1 (Chrono Boost)  
  117  10:42  Assimilator  
  117  10:46  Pylon  
  117  10:47  Nexus  
  123  10:50  Assimilator  
  123  10:53  Carrier (Chrono Boost)  
  123  10:57  Carrier (Chrono Boost)  
  135  11:30  Carrier (Chrono Boost)  
  135  11:38  Probe  
  136  11:44  Pylon  
  136  11:46  Gateway  
  136  11:49  Assimilator  
  136  11:50  Nexus  
  142  11:55  Assimilator  
  142  11:56  Pylon  
  142  12:00  Pylon  
  142  12:03  Robotics Bay  
  142  12:05  Photon Cannon  
  142  12:17  Dark Templar  
  142  12:21  Dark Templar  
  146  12:23  Zealot  
  146  12:25  Zealot  
  146  12:26  Pylon  
Show
View Real Time Build Order
Export as new Build Order

FreeFall Protoss 

Build Orders:  

Get SALT Encoding   

  12  0:01  Probe  
  13  0:14  Pylon  
  13  0:17  Probe  
  14  0:32  Probe (Chrono Boost)  
  14  0:33  Gateway  
  16  0:43  Assimilator  
  16  0:44  Probe (Chrono Boost)  
  16  0:50  Assimilator  
  16  0:53  Probe (Chrono Boost)  
  17  1:05  Probe (Chrono Boost)  
  18  1:14  Probe (Chrono Boost)  
  19  1:20  Cybernetics Core  
  19  1:22  Probe  
  20  1:36  Probe (Chrono Boost)  
  21  1:43  Pylon  
  22  1:47  Probe (Chrono Boost)  
  22  1:57  Warp Gate  
  22  2:03  Robotics Facility  
  22  2:04  Probe  
  23  2:13  Adept  
  25  2:16  Probe (Chrono Boost)  
  26  2:27  Gateway  
  26  2:28  Probe (Chrono Boost)  
  27  2:35  Mothership Core (Chrono Boost)  
  29  2:44  Gateway  
  29  2:52  Observer  
  30  3:10  Nexus  
  30  3:17  Pylon  
  30  3:23  Pylon  
  30  3:35  Probe (Chrono Boost), Immortal (Chrono Boost)  
  35  3:42  Twilight Council  
  35  3:45  Probe (Chrono Boost)  
  36  4:04  Stalker  
  36  4:05  Stalker x2  
  42  4:19  Gateway  
  42  4:21  Pylon  
  42  4:26  Probe x2  
  45  4:38  Probe  
  41  4:48  Stalker x2  
  45  4:55  Probe (Chrono Boost)  
  45  4:56  Probe (Chrono Boost)  
  47  5:02  Stalker  
  49  5:08  Probe (Chrono Boost)  
  49  5:14  Probe (Chrono Boost)  
  51  5:16  Forge  
  51  5:20  Probe (Chrono Boost)  
  53  5:22  Probe (Chrono Boost)  
  52  5:30  Observer (Chrono Boost)  
  52  5:32  Probe (Chrono Boost)  
  54  5:37  Sentry  
  54  5:38  Sentry  
  54  5:40  Probe  
  62  5:50  Probe  
  62  5:51  Immortal (Chrono Boost), Protoss Ground Weapons Level 1 (Chrono Boost)  
  62  5:55  Probe  
  64  5:59  Assimilator  
  64  6:03  Probe  
  65  6:07  Probe  
  66  6:15  Probe  
  66  6:16  Gateway  
  67  6:20  Probe  
  68  6:31  Pylon  
  68  6:36  Shield Upgrade  
  68  6:38  Pylon  
  68  6:49  Probe (Chrono Boost)  
  68  6:50  Probe (Chrono Boost), Observer  
  68  6:53  Gateway  
  68  6:54  Assimilator  
  71  6:55  Gateway  
  73  7:01  Probe (Chrono Boost)  
  73  7:02  Probe (Chrono Boost), Adept  
  73  7:03  Adept x3  
  81  7:09  Probe (Chrono Boost)  
  82  7:26  Protoss Ground Weapons Level 2 (Chrono Boost)  
  82  7:28  Pylon  
  82  7:35  Nexus  
  82  7:38  Assimilator  
  82  7:42  Assimilator  
  82  7:46  Immortal  
  86  7:59  Pylon  
  86  8:00  Templar Archives, Pylon  
  81  8:26  Stalker x4  
  81  8:27  Stalker  
  73  8:36  Probe x2, Stargate  
  75  8:45  Pylon  
  75  8:48  Probe  
  75  8:50  Pylon  
  76  9:03  Probe (Chrono Boost)  
  76  9:08  Probe x2 (Chrono Boost)  
  79  9:13  Probe (Chrono Boost)  
  79  9:16  Adept x3  
  88  9:17  Probe x2 (Chrono Boost)  
  88  9:37  Probe x2  
  88  9:38  Probe  
  91  9:43  High Templar x2  
  91  9:44  High Templar x2  
  91  9:45  High Templar  
  101  9:46  High Templar  
  101  9:47  Archon  
  101  9:48  Archon  
  101  9:49  Probe  
  101  9:50  Probe x2, Archon  
  106  9:59  Stalker  
  108  10:01  Probe  
  108  10:02  Probe x2  
  108  10:04  Protoss Ground Weapons Level 3 (Chrono Boost)  
  108  10:06  Pylon x2  
  111  10:08  Void Ray (Chrono Boost)  
  111  10:14  Probe x2  
  117  10:18  Stargate  
  117  10:28  Stalker x2  
  121  10:37  Probe x2  
  127  10:42  Void Ray (Chrono Boost)  
  127  10:47  Protoss Air Weapons Level 1  
  127  10:52  Nexus  
  127  10:56  Assimilator  
  125  10:58  Stalker x2  
  125  11:01  Assimilator  
  125  11:03  Pylon  
  127  11:16  Void Ray x2 (Chrono Boost)  
  131  11:47  Observer (Chrono Boost)  
  131  11:49  High Templar  
  131  11:50  High Templar  
  131  11:51  High Templar x2  
  131  11:52  Void Ray  
  131  11:54  Archon  
  143  11:55  Archon  
  143  12:01  Photon Cannon  
  143  12:02  Photon Cannon  
  143  12:04  Photon Cannon  
  143  12:06  Photon Cannon  
  143  12:08  Pylon  
  143  12:23  Probe x3  
  143  12:26  Photon Cannon  
  143  12:28  Photon Cannon  
  145  12:44  Stalker x2  
  145  12:47  High Templar x3  
  145  12:48  High Templar  
  145  12:51  Archon  
  156  12:52  Archon  
  155  13:00  Nexus  
  159  13:16  Pylon  
  159  13:17  Pylon  
Tags
 
Add a new tag
Caveats
  • Supply blocks, unpowered buildings, or Contaminate may cause inaccurate times.
  • Supply counts are checked every 10 seconds.